PA
GWINNETT COUNTY BLACK CATS @ MANCELONA TORCH
05/28/2025
 
TOP OF THE 1ST
Gwinnett County Black Cats batting - Pitching for Mancelona Torch : RHP Tomás Vargas
Pitching: RHP Tomás Vargas
Batting: RHB Addie Kattenberg 0-0: Swinging Strike
0-1: Foul Ball, location: 2F
0-2: Strikes out looking
Batting: RHB Alfonso Grappasonni 0-0: Ball
1-0: SINGLE (Line Drive, 89S)
Batting: RHB Cosmo Bjorkenheim 0-0: Ball
1-0: Ball
2-0: SINGLE (Popup, 25)
Alfonso Grappasonni to second
Alfonso Grappasonni to third
Batting: RHB Bobby Butterfield 0-0: Called Strike
0-1: Ball
Cosmo Bjorkenheim is caught stealing 2nd base
1-1: Foul Ball, location: 2F
1-2: SINGLE (Groundball, 6MD)
Alfonso Grappasonni scores
Batting: RHB Clarence Weber 0-0: Called Strike
0-1: Ball
1-1: Ball
2-1: Fly out, F7 (Flyball, 7LD)
Top of the 1st over - 1 run(s), 3 hit(s), 0 error(s), 1 left on base; Gwinnett County 1 - Mancelona 0
BOTTOM OF THE 1ST
Mancelona Torch batting - Pitching for Gwinnett County Black Cats : LHP Luis Arreola
Pitching: LHP Luis Arreola
Batting: RHB Ron Thomas 0-0: SINGLE (Line Drive, 6M)
Batting: LHB José Hernández 0-0: Called Strike
0-1: TRIPLE (Flyball, 89D)
Ron Thomas scores
Batting: RHB Mesa Altuve 0-0: Ball
1-0: Called Strike
1-1: Ball
2-1: Ball
3-1: Called Strike
3-2: Base on Balls
Batting: RHB Todd Sentell 0-0: Ball
1-0: Foul Ball, location: 2F
1-1: Foul Ball, location: 2F
1-2: SINGLE (Line Drive, 78M)
José Hernández scores
Mesa Altuve to second
Batting: RHB Mike Hines 0-0: Called Strike
0-1: Swinging Strike
0-2: Strikes out looking
Batting: RHB Vojtech Farkas 0-0: Fielders Choice at 2nd, 6-4 (Groundball, 6)
Mesa Altuve to third
Batting: RHB José Córdova 0-0: Ball
1-0: SINGLE (Groundball, 56D)
Mesa Altuve scores
Vojtech Farkas to second
Batting: RHB Kyle Vandenbrink 0-0: Reached on error, E6 (Groundball, 6)
Vojtech Farkas to third
José Córdova to second
Batting: LHB Yataro Matsuura 0-0: Called Strike
0-1: Ground out 6-3 (Groundball, 6M)
Bottom of the 1st over - 3 run(s), 4 hit(s), 1 error(s), 3 left on base; Gwinnett County 1 - Mancelona 3
TOP OF THE 2ND
Gwinnett County Black Cats batting - Pitching for Mancelona Torch : RHP Tomás Vargas
Batting: LHB Darrell Woodmansee 0-0: Called Strike
0-1: Ball
1-1: Called Strike
1-2: Foul Ball, location: 2F
1-2: Ball
2-2: Ball
3-2: Foul Ball, location: 2F
3-2: Base on Balls
Batting: RHB Sidney Mackell 0-0: Called Strike
0-1: Ball
1-1: Foul Ball, location: 2F
1-2: Foul Ball, location: 2F
1-2: Ball
Darrell Woodmansee steals 2nd base
2-2: Foul Ball, location: 2F
2-2: Foul Ball, location: 2F
2-2: Strikes out swinging
Batting: RHB Luis Guerrero 0-0: Called Strike
0-1: Ball
Darrell Woodmansee is caught stealing 3rd base
1-1: Foul Ball, location: 2F
1-2: Ball
2-2: Strikes out looking
Top of the 2nd over - 0 run(s), 0 hit(s), 0 error(s), 0 left on base; Gwinnett County 1 - Mancelona 3
BOTTOM OF THE 2ND
Mancelona Torch batting - Pitching for Gwinnett County Black Cats : LHP Luis Arreola
Batting: RHB Ron Thomas 0-0: Ball
1-0: Ball
2-0: Called Strike
2-1: Foul Ball, location: 2F
2-2: Strikes out looking
Batting: LHB José Hernández 0-0: Foul Ball, location: 2F
0-1: SINGLE (Line Drive, 6D)
Batting: RHB Mesa Altuve 0-0: Swinging Strike
0-1: Ball
1-1: Ball
2-1: Called Strike
2-2: Foul Ball, location: 2F
2-2: SINGLE (Line Drive, 4D)
José Hernández to second
Batting: RHB Todd Sentell 0-0: DOUBLE (Line Drive, 7)
José Hernández scores
Mesa Altuve to third
Runner from 3rd tries for Home, SAFE, no throw
Batting: RHB Mike Hines 0-0: Ball
1-0: Fly out, F9 (Flyball, 89M)
Batting: RHB Vojtech Farkas 0-0: Foul Ball, location: 2F
0-1: Ball
1-1: Foul Ball, location: 2F
1-2: Ball
2-2: Foul Ball, location: 2F
2-2: 2-RUN HOME RUN (Flyball, 9D), Distance : 397 ft
Pitching: RHP Nick Fowler
Batting: RHB José Córdova 0-0: Called Strike
0-1: Swinging Strike
0-2: Ball
1-2: Ball
2-2: Ball
3-2: Base on Balls
Batting: RHB Kyle Vandenbrink 0-0: Called Strike
0-1: Called Strike
0-2: Foul Ball, location: 2F
0-2: Foul Ball, location: 2F
0-2: Fly out, F2 (Popup, 3S)
Bottom of the 2nd over - 4 run(s), 4 hit(s), 0 error(s), 1 left on base; Gwinnett County 1 - Mancelona 7
TOP OF THE 3RD
Gwinnett County Black Cats batting - Pitching for Mancelona Torch : RHP Tomás Vargas
Batting: RHB King Tracy 0-0: Hit by Pitch
Batting: RHB Addie Kattenberg 0-0: Ball
1-0: SINGLE (Groundball, 6) (infield hit)
King Tracy to second
Batting: RHB Alfonso Grappasonni 0-0: Called Strike
0-1: Foul Ball, location: 2F
0-2: Ball
1-2: Ball
2-2: Foul Ball, location: 2F
2-2: Ball
3-2: Foul Ball, location: 2F
3-2: Grounds into double play, 4-6-3 (Groundball, 4)
King Tracy to third
Batting: RHB Cosmo Bjorkenheim 0-0: Foul Ball, location: 2F
0-1: Ball
1-1: SINGLE (Groundball, 25) (infield hit)
King Tracy scores
Batting: RHB Bobby Butterfield 0-0: Swinging Strike
0-1: Fly out, F2 (Popup, 25)
Top of the 3rd over - 1 run(s), 2 hit(s), 0 error(s), 1 left on base; Gwinnett County 2 - Mancelona 7
BOTTOM OF THE 3RD
Mancelona Torch batting - Pitching for Gwinnett County Black Cats : RHP Nick Fowler
Batting: LHB Yataro Matsuura 0-0: SINGLE (Groundball, 4MD)
Batting: RHB Ron Thomas 0-0: Ball
1-0: Called Strike
1-1: Fly out, F6 (Popup, 6MD)
Batting: LHB José Hernández 0-0: Fielders Choice at 2nd, 6-4 (Groundball, 6)
Batting: RHB Mesa Altuve 0-0: Foul Ball, location: 2F
0-1: 2-RUN HOME RUN (Line Drive, 7LD), Distance : 348 ft
Batting: RHB Todd Sentell 0-0: Ball
1-0: Ball
2-0: Swinging Strike
2-1: Ball
3-1: Base on Balls
Batting: RHB Mike Hines 0-0: Foul Ball, location: 2F
0-1: SINGLE (Flyball, 9LM)
Todd Sentell to second
Runner from 2nd tries for 3rd, OUT!
Bottom of the 3rd over - 2 run(s), 3 hit(s), 0 error(s), 1 left on base; Gwinnett County 2 - Mancelona 9
TOP OF THE 4TH
Gwinnett County Black Cats batting - Pitching for Mancelona Torch : RHP Tomás Vargas
Batting: RHB Clarence Weber 0-0: Fly out, F7 (Flyball, 7S)
Batting: LHB Darrell Woodmansee 0-0: Called Strike
0-1: Called Strike
0-2: Ball
1-2: Strikes out swinging
Batting: RHB Sidney Mackell 0-0: Swinging Strike
0-1: Called Strike
0-2: Ball
1-2: Ground out 6-3 (Groundball, 6)
Top of the 4th over - 0 run(s), 0 hit(s), 0 error(s), 0 left on base; Gwinnett County 2 - Mancelona 9
BOTTOM OF THE 4TH
Mancelona Torch batting - Pitching for Gwinnett County Black Cats : RHP Nick Fowler
Batting: RHB Vojtech Farkas 0-0: Ball
1-0: Fly out, F9 (Flyball, 9S)
Batting: RHB José Córdova 0-0: Called Strike
0-1: Ball
1-1: Called Strike
1-2: Foul Ball, location: 2F
1-2: Ground out 6-3 (Groundball, 6)
Batting: RHB Kyle Vandenbrink 0-0: Ball
1-0: Called Strike
1-1: Ball
2-1: Ball
3-1: Base on Balls
Batting: LHB Yataro Matsuura 0-0: Called Strike
0-1: Ball
1-1: Swinging Strike
1-2: Fielders Choice at 2nd, 4-6 (Groundball, 4)
Bottom of the 4th over - 0 run(s), 0 hit(s), 0 error(s), 0 left on base; Gwinnett County 2 - Mancelona 9
TOP OF THE 5TH
Gwinnett County Black Cats batting - Pitching for Mancelona Torch : RHP Tomás Vargas
Batting: RHB Luis Guerrero 0-0: Called Strike
0-1: Foul Ball, location: 2F
0-2: Strikes out swinging
Batting: RHB King Tracy 0-0: Ball
1-0: Ball
2-0: Fly out, F9 (Flyball, 9LM)
Batting: RHB Addie Kattenberg 0-0: Called Strike
0-1: Foul Ball, location: 2F
0-2: Strikes out looking
Top of the 5th over - 0 run(s), 0 hit(s), 0 error(s), 0 left on base; Gwinnett County 2 - Mancelona 9
BOTTOM OF THE 5TH
Mancelona Torch batting - Pitching for Gwinnett County Black Cats : RHP Nick Fowler
Batting: RHB Ron Thomas 0-0: Ball
1-0: Ball
2-0: Foul Ball, location: 2F
2-1: Fly out, F9 (Flyball, 9S)
Batting: LHB José Hernández 0-0: Called Strike
0-1: Called Strike
0-2: Ball
1-2: Ball
2-2: Foul Ball, location: 2F
2-2: Fly out, F9 (Flyball, 9)
Batting: RHB Mesa Altuve 0-0: Foul Ball, location: 2F
0-1: Ball
1-1: Ball
2-1: SINGLE (Groundball, 34D)
Batting: RHB Todd Sentell 0-0: Called Strike
0-1: Fly out, F8 (Flyball, 8RD)
Bottom of the 5th over - 0 run(s), 1 hit(s), 0 error(s), 1 left on base; Gwinnett County 2 - Mancelona 9
TOP OF THE 6TH
Gwinnett County Black Cats batting - Pitching for Mancelona Torch : RHP Tomás Vargas
Batting: RHB Alfonso Grappasonni 0-0: Foul Ball, location: 2F
0-1: SINGLE (Groundball, 23) (infield hit)
Batting: RHB Cosmo Bjorkenheim 0-0: Foul Ball, location: 2F
0-1: Ball
Alfonso Grappasonni steals 2nd base
1-1: Swinging Strike
1-2: Strikes out swinging
Batting: RHB Bobby Butterfield 0-0: Ball
1-0: Called Strike
Alfonso Grappasonni steals 3rd base
1-1: Ball
2-1: Fly out, F4 (Line Drive, 4MD)
Batting: RHB Clarence Weber 0-0: Called Strike
0-1: Ball
1-1: Called Strike
1-2: Strikes out swinging
Top of the 6th over - 0 run(s), 1 hit(s), 0 error(s), 1 left on base; Gwinnett County 2 - Mancelona 9
BOTTOM OF THE 6TH
Mancelona Torch batting - Pitching for Gwinnett County Black Cats : RHP Nick Fowler
Batting: RHB Mike Hines 0-0: Ball
1-0: Ball
2-0: Ball
3-0: Base on Balls
Batting: RHB Vojtech Farkas 0-0: Grounds into double play, 4-6-3 (Groundball, 4)
Batting: RHB José Córdova 0-0: Called Strike
0-1: Fly out, F7 (Flyball, 7)
Bottom of the 6th over - 0 run(s), 0 hit(s), 0 error(s), 0 left on base; Gwinnett County 2 - Mancelona 9
TOP OF THE 7TH
Gwinnett County Black Cats batting - Pitching for Mancelona Torch : RHP Tomás Vargas
Batting: LHB Darrell Woodmansee 0-0: Ball
1-0: SOLO HOME RUN (Flyball, 9LD), Distance : 358 ft
Batting: RHB Sidney Mackell 0-0: Fly out, F8 (Flyball, 8RM)
Batting: RHB Luis Guerrero 0-0: Foul Ball, location: 2F
0-1: Ball
1-1: Swinging Strike
1-2: Strikes out looking
Batting: RHB King Tracy 0-0: Fly out, F9 (Flyball, 89D)
Top of the 7th over - 1 run(s), 1 hit(s), 0 error(s), 0 left on base; Gwinnett County 3 - Mancelona 9
BOTTOM OF THE 7TH
Mancelona Torch batting - Pitching for Gwinnett County Black Cats : RHP Nick Fowler
Batting: RHB Kyle Vandenbrink 0-0: SINGLE (Line Drive, 4MD)
Batting: LHB Yataro Matsuura 0-0: Ball
1-0: Ball
2-0: Ball
3-0: Called Strike
3-1: 2-RUN HOME RUN (Flyball, 9D), Distance : 391 ft
Pitching: RHP Rafael Méndez
Batting: RHB Ron Thomas 0-0: Ball
1-0: Ball
2-0: SINGLE (Flyball, 78S)
Batting: LHB José Hernández 0-0: Called Strike
0-1: Ball
1-1: Called Strike
1-2: Ball
2-2: Foul Ball, location: 2F
2-2: Ball
3-2: Foul Ball, location: 2F
3-2: Base on Balls
Ron Thomas to second
Batting: RHB Mesa Altuve 0-0: Grounds into double play, 6-4-3 (Groundball, 6)
Ron Thomas to third
Batting: RHB Todd Sentell 0-0: Ball
1-0: Foul Ball, location: 2F
1-1: Ball
2-1: Foul Ball, location: 2F
2-2: Foul Ball, location: 2F
2-2: Foul Ball, location: 2F
2-2: Foul Ball, location: 2F
2-2: Strikes out swinging
Bottom of the 7th over - 2 run(s), 3 hit(s), 0 error(s), 1 left on base; Gwinnett County 3 - Mancelona 11
TOP OF THE 8TH
Gwinnett County Black Cats batting - Pitching for Mancelona Torch : RHP Tomás Vargas
Batting: RHB Addie Kattenberg 0-0: Fly out, F8 (Flyball, 8LM)
Batting: RHB Alfonso Grappasonni 0-0: Ball
1-0: Ball
2-0: Foul Ball, location: 2F
2-1: Foul Ball, location: 2F
2-2: Strikes out swinging
Batting: RHB Cosmo Bjorkenheim 0-0: Ball
1-0: SINGLE (Line Drive, 56D)
Batting: RHB Bobby Butterfield 0-0: Swinging Strike
0-1: Foul Ball, location: 2F
0-2: Fielders Choice at 2nd, 5-4 (Groundball, 5)
Top of the 8th over - 0 run(s), 1 hit(s), 0 error(s), 0 left on base; Gwinnett County 3 - Mancelona 11
BOTTOM OF THE 8TH
Mancelona Torch batting - Pitching for Gwinnett County Black Cats : RHP Rafael Méndez
Batting: RHB Mike Hines 0-0: Hit by Pitch
Batting: RHB Vojtech Farkas 0-0: Ball
1-0: Called Strike
1-1: Ball
2-1: Called Strike
2-2: SINGLE (Groundball, 6) (infield hit)
Mike Hines to second
Pinch Runner at 1st Juan Hernández:
Batting: RHB José Córdova 0-0: Foul Ball, location: 2F
0-1: Ball
1-1: Foul Ball, location: 2F
1-2: Ball
2-2: Foul Ball, location: 2F
2-2: Foul Ball, location: 2F
2-2: Ball
3-2: Strikes out swinging
Batting: RHB Kyle Vandenbrink 0-0: Ball
Mike Hines steals 3rd base
Juan Hernández to second
1-0: Called Strike
1-1: Ball
2-1: Called Strike
2-2: Ball
3-2: Foul Ball, location: 2F
3-2: SINGLE (Line Drive, 78M)
Mike Hines scores
Juan Hernández to third
Pinch Hitting: LHB Jim Unknown 0-0: Ball
Wild Pitch!
Juan Hernández scores
Kyle Vandenbrink to second
1-0: Foul Ball, location: 2F
1-1: Swinging Strike
1-2: Strikes out swinging
Batting: RHB Ron Thomas 0-0: Ball
1-0: Foul Ball, location: 2F
1-1: Ground out 6-3 (Groundball, 6)
Bottom of the 8th over - 2 run(s), 2 hit(s), 0 error(s), 1 left on base; Gwinnett County 3 - Mancelona 13
TOP OF THE 9TH
Gwinnett County Black Cats batting - Pitching for Mancelona Torch : RHP Tomás Vargas
Now at 1B: Jim Unknown
Now at 2B: Juan Hernández
Batting: RHB Clarence Weber 0-0: Ground out 5-3 (Groundball, 5L)
Batting: LHB Darrell Woodmansee 0-0: Ball
1-0: Ball
2-0: Called Strike
2-1: Foul Ball, location: 2F
2-2: Strikes out swinging
Batting: RHB Sidney Mackell 0-0: Called Strike
0-1: Ball
1-1: Ball
2-1: Ball
3-1: Fly out, F9 (Flyball, 9S)
Top of the 9th over - 0 run(s), 0 hit(s), 0 error(s), 0 left on base; Gwinnett County 3 - Mancelona 13
Friday, December 30th, 2016 - OOTP Baseball 17.12 Build 75